 Dungeon Crawl Stone Soup version 0.28.0-53-g5a82cb258f (webtiles) character file.

Game seed: 7922582569573611515

3371 Plasmagod the Thaumaturge (level 9, -8/45 HPs)
             Began as a Deep Elf Conjurer on July 23, 2022.
             Was a Priest of Vehumet.
             Mangled by a skeletal warrior
             ... wielding a +0 morningstar
              (14 damage)
             ... on level 7 of the Dungeon.
             The game lasted 00:29:59 (9101 turns).

Plasmagod the Thaumaturge (Deep Elf Conjurer)       Turns: 9101, Time: 00:30:00

Health: -8/45      AC:  5    Str:  4    XL:     9   Next: 73%
Magic:  0/25       EV: 13    Int: 28    God:    Vehumet [***...]
Gold:   413        SH:  0    Dex: 13    Spells: 7/29 levels left

rFire   . . .      SeeInvis .   c - staff of conjuration
rCold   . . .      Faith    .   s - orb {light}
rNeg    . . .      Spirit   .   a - +1 robe
rPois   .          Reflect  .   (no helmet)
rElec   .          Harm     .   t - +0 cloak
rCorr   .          Rampage  .   v - +0 pair of gloves
Will    .....                   (no boots)
Stlth   +.........              (no amulet)
HPRegen 0.15/turn               (no ring)
MPRegen 0.19/turn               (no ring)

@: glowing
A: no striking features
a: Renounce Religion


You were on level 7 of the Dungeon.
You worshipped Vehumet.
Vehumet was most pleased with you.
You visited 1 branch of the dungeon, and saw 7 of its levels.

You collected 413 gold pieces.

Inventory:

Missiles
 f - 2 throwing nets
Armour
 a - a +1 robe (worn)
 s - an orb of light (worn)
 t - a +0 cloak (worn)
 v - a +0 pair of gloves (worn)
Magical Staves
 c - a staff of conjuration (weapon)
 i - a staff of air
Jewellery
 w - a +6 ring of dexterity
 x - a ring of positive energy
Wands
 k - a wand of flame (39)
 q - a wand of paralysis (6)
Scrolls
 b - 3 scrolls of identify
 d - a scroll of enchant armour
 m - 2 scrolls of immolation {unknown}
 n - a scroll of fear
 o - a scroll of teleportation {unknown}
 p - a scroll of magic mapping {unknown}
 r - 2 scrolls of fog {unknown}
 y - a scroll of torment {unknown}
 z - 2 scrolls of blinking
Potions
 e - 2 potions of brilliance
 g - 2 potions of degeneration
 h - a potion of lignification {unknown}
 j - 2 potions of might {unknown}
 l - a potion of haste {unknown}
 u - a potion of heal wounds {unknown}


   Skills:
 + Level 0.1 Fighting
 + Level 0.4 Staves
 + Level 3.2 Dodging
 + Level 3.8 Stealth
 + Level 10.9 Spellcasting
 + Level 9.4 Conjurations
 * Level 6.3 Hexes
 + Level 1.3 Translocations
 + Level 1.5 Transmutations
 + Level 1.4 Fire Magic
 + Level 3.2 Air Magic
 + Level 0.3 Earth Magic
 + Level 3.6 Poison Magic


You had 7 spell levels left.
You knew the following spells:

 Your Spells              Type           Power      Damage    Failure   Level
a - Magic Dart            Conj           100%       1d8       1%          1
b - Searing Ray           Conj           100%       2d8       1%          2
c - Dazzling Flash        Conj/Hex       100%       N/A       1%          3
d - Fulminant Prism       Conj/Hex       37%        3d18      1%          4
e - Poisonous Vapours     Pois/Air       68%        N/A       1%          2
f - Ignite Poison         Fire/Tmut/Pois 27%        N/A       1%          3
g - Stone Arrow           Conj/Erth      100%       3d13      1%          3
h - Iskenderun's Mystic   Conj/Tloc      62%        2d13      1%          4

Your spell library contained the following spells:

 Spells                   Type           Power      Damage    Failure   Level
 Foxfire                  Conj/Fire      100%       2x1d9     1%          1
 Sandblast                Erth           34%        2d9       1%          1
 Conjure Flame            Conj/Fire      62%        6-21      1%          3
 Inner Flame              Hex/Fire       37%        N/A       1%          3
 Flame Wave               Conj/Fire      62%        2d12      1%          4
 Sticky Flame             Conj/Fire      62%        2d8       1%          4
 Summon Small Mammal      Summ           60%        N/A       3%          1
 Passwall                 Tmut/Erth      16%        N/A       3%          2
 Summon Guardian Golem    Hex/Summ       33%        N/A       3%          3
 Gell's Gravitas          Tloc           22%        N/A       6%          3
 Lesser Beckoning         Tloc           22%        N/A       6%          3
 Teleport Other           Tloc           22%        N/A       6%          3
 Call Canine Familiar     Summ           15%        N/A       11%         3
 Malign Gateway           Summ/Tloc      9%         N/A       100%        7
 Summon Horrible Things   Summ           7%         N/A       100%        8


Dungeon Overview and Level Annotations

Branches:
Dungeon (7/15)             Temple (0/1) D:4

Altars:
Kikubaaqudgha
Makhleb
Vehumet
Yredelemnul
The Shining One

Shops:
D:3 (*[


Message History

Aiming: Stone Arrow (safe; 1% risk of failure)
Press: ? - help, Shift-Dir - straight line, f/p - skeletal warrior
Aim: a skeletal warrior, wielding a +0 morningstar (severely damaged, haloed, 84% to hit)
You feel a surge of power!
You miscast Stone Arrow.
You are very lightly contaminated with residual magic.
Nothing appears to happen.
Casting: Stone Arrow (safe; 1% risk of failure)
Confirm with . or Enter, or press ? or * to list all spells.
You don't have enough magic to cast this spell.
An orc wizard comes into view. It is wielding a +0 dagger.
Casting: Stone Arrow (safe; 1% risk of failure)
Confirm with . or Enter, or press ? or * to list all spells.
Aiming: Stone Arrow (safe; 1% risk of failure)
Press: ? - help, Shift-Dir - straight line, f/p - skeletal warrior
Aim: a skeletal warrior, wielding a +0 morningstar (severely damaged, haloed, 84% to hit)
You feel a surge of power!
The stone arrow hits the skeletal warrior!
The skeletal warrior is almost destroyed.
Your magical contamination has completely faded away.
There is an open door here.
Casting: Stone Arrow (safe; 1% risk of failure)
Confirm with . or Enter, or press ? or * to list all spells.
You don't have enough magic to cast this spell.
Okay, then.
Casting: Stone Arrow (safe; 1% risk of failure)
Confirm with . or Enter, or press ? or * to list all spells.
Aiming: Stone Arrow (safe; 1% risk of failure)
Press: ? - help, Shift-Dir - straight line, f/p - skeletal warrior
Aim: a skeletal warrior, wielding a +0 morningstar (almost destroyed, haloed, 84% to hit)
You feel a surge of power!
The stone arrow hits the skeletal warrior.
The skeletal warrior is almost destroyed.
The skeletal warrior hits you with a +0 morningstar!
* * * LOW HITPOINT WARNING * * *
The orc wizard casts a spell.
The orc wizard flickers and vanishes!
Deactivating autopickup; reactivate with Ctrl-A.
There is a stone staircase leading up here.
The skeletal warrior hits you with a +0 morningstar!
You die...

#......))......#..
#..............#..
#..............#..
#..............#..
#######.)###...##.####
#...###..###...##'####
#...........(.........
#.....................
#....@z....>..........
#...................##
#...................##
#....................'
#...###..###{.###...##
#######..###..###...##
#....#....#.........##
#....#....#.........##
#....#....#..........#


You could see a skeletal warrior.

Vanquished Creatures
  A skeletal warrior (D:7)
  Pikel (D:7)
  A water moccasin (D:7)
  3 black bears
  3 ogres
  2 phantoms (D:6)
  A centaur (D:7)
  2 bullfrogs (D:7)
  A gnoll sergeant (D:3)
  3 vampire bats (D:5)
  A howler monkey (D:5)
  2 bullfrog zombies
  A bullfrog skeleton (D:7)
  2 jellies
  3 orc priests
  A centaur skeleton (D:7)
  2 gnoll shamans (D:3)
  7 hounds
  2 iguanas (D:4)
  4 orc wizards
  A hound skeleton (D:5)
  29 gnolls
  7 adders
  2 white imps
  2 ufetubi
  An adder skeleton (D:2)
  2 adder zombies (D:2)
  A worm (D:4)
  2 dart slugs
  27 orcs
  2 bat skeletons (D:5)
  5 bat zombies
  8 endoplasms
  6 giant cockroaches
  8 goblins
  7 hobgoblins
  19 jackals
  3 quokkas
  5 ball pythons
  5 bats
  4 frilled lizards
  A kobold (D:4)
  2 quokka skeletons (D:2)
  A quokka zombie (D:2)
  4 rats
  A spectral goblin (D:1)
  A fulminant prism (D:7)
199 creatures vanquished.

Vanquished Creatures (others)
  A centaur skeleton (D:3)
  2 orcs (D:3)
  10 fulminant prisms
  6 plants (D:3)
  2 withered plants (D:2)
21 creatures vanquished.

Grand Total: 220 creatures vanquished

Notes
Turn   | Place    | Note
-------+----------+-------------------------------------------
     0 | D:1      | Plasmagod the Deep Elf Conjurer began the quest for the
                  | Orb.
     0 | D:1      | Reached XP level 1. HP: 10/10 MP: 6/6
   313 | D:1      | Reached XP level 2. HP: 15/15 MP: 5/8
   316 | D:1      | Learned a level 2 spell: Searing Ray
   445 | D:1      | Found a faded altar of an unknown god.
   466 | D:1      | Reached skill level 5 in Conjurations
   997 | D:2      | Reached XP level 3. HP: 10/19 MP: 1/9
  1408 | D:2      | Reached XP level 4. HP: 24/24 MP: 7/11
  1627 | D:2      | Reached skill level 4 in Spellcasting
  2186 | D:2      | Reached XP level 5. HP: 28/28 MP: 9/13
  2336 | D:2      | Learned a level 3 spell: Dazzling Flash
  2552 | D:3      | Reached skill level 5 in Spellcasting
  2724 | D:3      | Reached XP level 6. HP: 32/32 MP: 5/15
  2867 | D:3      | Found a radiant altar of Vehumet.
  2876 | D:3      | Became a worshipper of Vehumet
  3217 | D:3      | Found Lousom's Weapon Emporium.
  3303 | D:3      | Found Yses Ogg's Assorted Antiques.
  3481 | D:3      | Learned a level 4 spell: Fulminant Prism
  3728 | D:3      | Reached skill level 6 in Spellcasting
  3959 | D:3      | Reached * piety under Vehumet
  3959 | D:3      | Offered knowledge of Shock by Vehumet.
  3960 | D:3      | Reached skill level 1 in Hexes
  4128 | D:3      | Reached XP level 7. HP: 32/36 MP: 14/18
  4516 | D:3      | Reached skill level 7 in Spellcasting
  4663 | D:3      | Found Uwkunokk's Armour Boutique.
  4859 | D:4      | You fall into a shaft and drop 2 floors!
  4873 | D:5      | Entered Level 5 of the Dungeon
  5180 | D:4      | Offered knowledge of Poisonous Vapours by Vehumet.
  5185 | D:4      | Learned a level 2 spell: Poisonous Vapours
  5215 | D:4      | Reached ** piety under Vehumet
  5273 | D:4      | Found a staircase to the Ecumenical Temple.
  6068 | D:5      | Reached XP level 8. HP: 41/41 MP: 16/21
  6378 | D:5      | Reached skill level 8 in Spellcasting
  6378 | D:5      | Reached skill level 1 in Air Magic
  6734 | D:5      | Found an ancient bone altar of Kikubaaqudgha.
  6834 | D:5      | Reached skill level 1 in Poison Magic
  6913 | D:5      | Offered knowledge of Ignite Poison by Vehumet.
  6918 | D:5      | Learned a level 3 spell: Ignite Poison
  7171 | D:5      | Found a basalt altar of Yredelemnul.
  7174 | D:5      | Found a burning altar of Makhleb.
  7174 | D:5      | Found a glowing golden altar of the Shining One.
  7642 | D:6      | Reached skill level 9 in Spellcasting
  8175 | D:6      | Learned a level 3 spell: Stone Arrow
  8374 | D:7      | Reached XP level 9. HP: 45/45 MP: 19/24
  8387 | D:7      | Learned a level 4 spell: Iskenderun's Mystic Blast
  8389 | D:7      | Reached *** piety under Vehumet
  8498 | D:7      | Noticed Pikel
  8503 | D:7      | Killed Pikel
  8504 | D:7      | Reached skill level 10 in Spellcasting
  8504 | D:7      | Reached skill level 5 in Hexes
  8504 | D:7      | Reached skill level 1 in Transmutations
  8720 | D:7      | Reached skill level 1 in Fire Magic
  8824 | D:7      | Noticed a skeletal warrior
  8827 | D:7      | Noticed a skeletal warrior
  8827 | D:7      | Noticed a skeletal warrior
  8831 | D:7      | Killed a skeletal warrior
  8832 | D:7      | Reached skill level 1 in Translocations
  9101 | D:7      | Mangled by a skeletal warrior

Illustrated notes

Levels and vault maps discovered:
D:1:      roderic_dead_forest, layout_rooms,
          dreamdust_ecumenical_altar_drowned_temple,
          chequers_serial_rivers_micro_d
D:2:      layout_basic, serial_undead, serial_undead_c, serial_undead_d,
          serial_undead_e, serial_undead_e, serial_undead_a, serial_undead_b,
          minmay_puff
D:3:      lemuel_castle_with_subvaults [lemuel_castle_interior_carwin_3],
          layout_basic, fiery_altar_vehumet, serial_shops,
          nicolae_shop_overgrown_old_shop, nicolae_shop_bloodbath_and_beyond,
          shop_statue
D:4:      layout_loops_ring, minmay_temple_entry_purple_smoke
D:5:      layout_loops_corners, kennysheep_vampire_church,
          nicolae_overflow_hidden_temple, hangedman_abyss_or_decor_lesser_grid,
          palyth_stone_intersect, kennysheep_another_room, columned_hall_lemuel
D:6:      layout_rooms, kennysheep_generic_room_11
D:7:      layout_gridville, hangedman_decor_slide_cut, uniq_pikel

Skill      XL: |  1  2  3  4  5  6  7  8  9 |
---------------+----------------------------+-----
Conjurations   | 5 6 7 8 9 |  9.4
Spellcasting   | 4 5 6 7 9 10 | 10.9
Stealth        | 3 |  3.8
Hexes          | 1 3 4 6 |  6.3
Air Magic      | 2 3 |  3.2
Dodging        | 3 |  3.2
Poison Magic   | 2 3 |  3.6
Transmutations | 1 |  1.5
Fire Magic     | 1 |  1.4
Translocations | 1 |  1.3
Fighting       | |  0.1
Staves         | |  0.4
Earth Magic    | |  0.3

Action                   |  1- 3 |  4- 6 |  7- 9 || total
-------------------------+-------+-------+-------++-------
Melee: Staff             |     2 |    10 |     1 ||    13
       Punch             |       |     1 |       ||     1
 Cast: Magic Dart        |    65 |   141 |   134 ||   340
       Searing Ray       |     2 |    19 |    38 ||    59
       Dazzling Flash    |       |     2 |       ||     2
       Poisonous Vapours |       |       |    29 ||    29
       Fulminant Prism   |       |       |    11 ||    11
       Ignite Poison     |       |       |     8 ||     8
       Stone Arrow       |       |       |     9 ||     9
       Iskenderun's Myst |       |       |     6 ||     6
  Use: Scroll            |       |     5 |     1 ||     6
Armor: Robe              |       |     3 |    16 ||    19
Dodge: Dodged            |     9 |    15 |    26 ||    50
